 Dungeon Crawl Stone Soup version 0.29.0-15-g675c0067aa (webtiles) character file.

Game seed: 5668739275449784700

35 Esekla the Trooper (level 3, -6/33 HPs)
             Began as a Meteoran Abyssal Knight on Sept 11, 2022.
             Was a Believer of Lugonu.
             Splashed by a jelly's acid (8 damage)
             ... on level 2 of the Dungeon.
             The game lasted 00:04:11 (824 turns).

Esekla the Trooper (Meteoran Abyssal Knight)         Turns: 824, Time: 00:04:11

Health: -6/33      AC: -4    Str: 14    XL:     3   Next: 76%
Magic:  6/6        EV: 11    Int: 13    God:    Lugonu [**....]
Gold:   38         SH:  0    Dex: 15    Spells: 3/3 levels left

rFire   . . .      SeeInvis .   a - +1 falchion
rCold   . . .      Faith    .   (no shield)
rNeg    . . .      Spirit   .   b - +0 leather armour
rPois   .          Reflect  .   (no helmet)
rElec   .          Harm     .   (no cloak)
rCorr   .          Rampage  .   (no gloves)
Will    .....                   (no boots)
Stlth   +.........              (no amulet)
HPRegen 0.11/turn               (no ring)
MPRegen 0.10/turn               (no ring)

@: corroded, glowing
A: sense surroundings 1, otherworldly, glowing, explore regen
a: Renounce Religion, Depart the Abyss, Bend Space


You were on level 2 of the Dungeon.
You worshipped Lugonu.
Lugonu was pleased with you.
You visited 1 branch of the dungeon, and saw 2 of its levels.
You visited the Abyss 1 time.

You collected 38 gold pieces.

Inventory:

Hand Weapons
 a - a +1 falchion (weapon)
 e - a +0 dagger
Missiles
 f - 2 poisoned darts
Armour
 b - a +0 leather armour (worn)
Scrolls
 c - a scroll of silence {unknown}
 d - 4 scrolls of immolation {unknown}
 g - a scroll of identify {unknown}
 i - a scroll of noise {unknown}
Potions
 h - a potion of flight {unknown}
 j - a potion of attraction {unknown}
 k - a potion of lignification {unknown}
 l - a potion of brilliance {unknown}
 m - 2 potions of mutation {unknown}
 n - a potion of heal wounds {unknown}


   Skills:
 * Level 4.0 Fighting
 * Level 3.0 Long Blades
 + Level 2.6 Armour
 + Level 1.2 Dodging
 * Level 0.9 Spellcasting
 * Level 2.7 Invocations


You had 3 spell levels left.
You didn't know any spells.
Your spell library was empty.

Dungeon Overview and Level Annotations

Branches:
Dungeon (2/15) Zot: 382

Altars:


Innate Abilities, Weirdness & Mutations

You passively map a small area around you.
You are easily found by Zot.
You glow in the dark.
You regain HP and MP as you explore.


Message History

Lugonu accepts your kill.
Your Long Blades skill increases to level 3!
You see here a quokka corpse.
You see here a quokka corpse.
There is a stone staircase leading down here.
You climb downwards.
The worm closely misses you.
There is a stone staircase leading up here.
You slash the worm!
The worm is heavily wounded.
You barely miss the worm. You punch the worm.
The worm is heavily wounded.
The worm bites you but does no damage.
You hit the worm.
The worm is heavily wounded.
The worm barely misses you.
You hit the worm.
The worm is severely wounded.
You slash the worm!
You kill the worm!
Lugonu accepts your kill.
You see here a worm corpse.
You see here 2 glowing dark potions.
m - 2 glowing dark potions You see here an amethyst potion.
n - an amethyst potion You hit the jelly.
The acid corrodes you!
Your hands burn!
The jelly is lightly wounded.
The jelly hits you.
You are splashed with acid!
You slash the jelly!
Your hands burn!
The jelly is heavily wounded.
The jelly hits you. The acid corrodes you!
You are splashed with acid!
* * * LOW HITPOINT WARNING * * *
The jelly barely misses you.
You hit the jelly. The acid corrodes you!
Your hands burn!
* * * LOW HITPOINT WARNING * * *
The jelly is severely wounded.
The jelly hits you.
* * * LOW HITPOINT WARNING * * *
You are splashed with acid!
You die...

##.#####...........<..# ####.#
#....##<..............###....#
#.......†...............††....
#....###..............#.######
#....# #................# *
#....# ##..............## *
#..J.# ##...........### #..<.#
##..J....<.## , ######
#..@....### ,,,, #.......#* >
#.......# **#.......#
........# , , **,##.........
,, * ####......., ,, .###### ,
* , ,


You could see a jelly.

Vanquished Creatures
  An adder (D:2)
  A worm (D:2)
  2 bats
  A goblin (D:1)
  5 hobgoblins (D:1)
  3 quokkas (D:1)
  2 ball pythons
  3 frilled lizards (D:1)
  4 kobolds
  A rat (D:1)
23 creatures vanquished.

Notes
Turn   | Place    | Note
-------+----------+-------------------------------------------
     0 | Abyss:1  | Esekla the Meteoran Abyssal Knight began the quest for the
                  | Orb.
     0 | Abyss:1  | Reached XP level 1. HP: 19/19 MP: 3/3
    17 | D:1      | Escaped the Abyss
   193 | D:1      | Reached XP level 2. HP: 26/26 MP: 4/4
   352 | D:2      | Reached XP level 3. HP: 19/33 MP: 5/5
   367 | D:2      | Reached skill level 4 in Fighting
   824 | D:2      | Splashed by a jelly's acid

Illustrated notes

Levels and vault maps discovered:
D:1:      dpeg_arrival_circle_labyrinth_b, layout_basic, minmay_misc_feat_cross,
          dk_noncrumbling_2
D:2:      layout_rooms

Skill      XL: |  1  2  3 |
---------------+----------+-----
Fighting       | 4 |  4.0
Long Blades    | 3 |  3.0
Armour         | |  2.6
Dodging        | |  1.2
Spellcasting   | |  0.9
Invocations    | |  2.7

Action                   || total
-------------------------++-------
Melee: Falchion          ||    59
       Punch             ||     2
Armor: Leather armour    ||    43
Dodge: Dodged            ||    45
